[Event "Kragero Resort International 2022"]
[Site "Kragero"]
[Date "2022.02.25"]
[Round "6.5"]
[White "Romanov, Evgeny"]
[Black "Seo, Jung Min"]
[Result "1/2-1/2"]
[ECO "A00"]
[WhiteElo "2561"]
[BlackElo "2466"]
[Annotator "ChessBase"]
[PlyCount "145"]
[EventDate "2022.02.23"]
[EventType "swiss"]
[EventCountry "NOR"]
[SourceTitle "playchess.com"]
[Source "ChessBase"]
[SourceQuality "1"]
[TimeControl "5400+30"]

1. g3 d5 2. Bg2 Nf6 3. d3 e5 4. Nf3 Bd6 5. c4 dxc4 6. Qa4+ c6 7. Qxc4 O-O 8. O-O Qe7 9. Nc3 Be6 10. Qa4 Nbd7 11. Ng5 Bf5 12. Qc2 h6 13. Nge4 Nxe4 14. Nxe4 Bxe4 15. Bxe4 a5 16. Bg2 Rfe8 17. Bd2 Bb4 18. Bc3 Nf6 19. e3 a4 20. a3 Ba5 21. Rfc1 Red8 22. d4 Bc7 23. b3 axb3 24. Qxb3 Rab8 25. a4 Nd5 26. Bb2 exd4 27. Bxd4 Be5 28. Bxe5 Qxe5 29. Rab1 g6 30. a5 Nf6 31. Qb4 Kg7 32. Rc5 Qe7 33. Rb5 Qxb4 34. R5xb4 Ra8 35. Rxb7 Rxa5 36. Bxc6 Rc8 37. Bf3 Rac5 38. Kg2 h5 39. Ra7 R8c7 40. Rbb7 Rxb7 41. Rxb7 Kf8 42. Bd1 Ne4 43. Bb3 Nd6 44. Rd7 Rb5 45. Bc2 Rb6 46. e4 Nc4 47. Rc7 Ne5 48. h3 Rb2 49. Rc3 Kg7 50. f4 Nd3 51. Kf1 Nb4 52. Bb3 Na2 53. Re3 Nb4 54. e5 Nc2 55. Rd3 Nb4 56. Rc3 Na2 57. Re3 Nb4 58. g4 hxg4 59. hxg4 Nc6 60. Bd5 Nd4 61. Rd3 Ne6 62. f5 Nf4 63. f6+ Kh6 64. Rd4 Nxd5 65. Rxd5 Kg5 66. Rd4 Rc2 67. Ke1 Ra2 68. Re4 Rb2 69. Kf1 Ra2 70. Ke1 Rb2 71. Ra4 Rb5 72. Re4 Rb2 73. Kf1 1/2-1/2

[Event "Kragero Resort International 2022"]
[Site "Kragero"]
[Date "2022.02.25"]
[Round "6.5"]
[White "Stromhaug, Kristoffer Wang"]
[Black "Bjarnason, Snorri Vikanes"]
[Result "1-0"]
[ECO "C59"]
[WhiteElo "1694"]
[BlackElo "1606"]
[Annotator "NA"]
[PlyCount "115"]
[EventDate "2022.02.23"]
[EventType "swiss"]
[EventCountry "NOR"]
[SourceTitle "playchess.com"]
[Source "ChessBase"]
[SourceQuality "1"]
[TimeControl "5400+30"]

1. e4 e5 2. Nf3 Nc6 3. Bc4 Nf6 4. Ng5 d5 5. exd5 Na5 6. Bb5+ c6 7. dxc6 bxc6 8. Be2 h6 9. Nf3 e4 10. Ne5 Qd5 11. d4 exd3 12. Nxd3 Bd6 13. Bf3 Qe6+ 14. Qe2 Nd5 15. Bxd5 cxd5 16. Qxe6+ Bxe6 17. O-O Rc8 18. c3 g5 19. Be3 Bf5 20. Rd1 a6 21. Bd4 Rg8 22. b4 Nc4 23. Nc5 Rc6 24. Nd2 Na3 25. Ndb3 Nc2 26. Rac1 Bf4 27. Nd2 Bg4 28. f3 Nxd4 29. cxd4 Bf5 30. Kf2 Kd8 31. g3 Bc7 32. Nb1 Bc8 33. Nc3 Rd6 34. Re1 Re8 35. Rxe8+ Kxe8 36. a4 Bb6 37. b5 f6 38. Nb3 a5 39. Nxd5 Be6 40. Nxb6 Bxb3 41. Rc6 Rxd4 42. Rxf6 Bxa4 43. Ke3 Rb4 44. Nxa4 Rxa4 45. Rxh6 Rb4 46. b6 a4 47. b7 Rxb7 48. Rh8+ Kd7 49. Rh7+ Kc6 50. Rxb7 Kxb7 51. Kd2 Kc6 52. Kc3 Kc5 53. h4 gxh4 54. gxh4 Kd5 55. Kb4 Ke5 56. Kxa4 Kf5 57. Kb4 Kg6 58. f4 1-0

[Event "Kragero Resort International 2022"]
[Site "Kragero"]
[Date "2022.02.25"]
[Round "6.6"]
[White "Amundsen, Ask"]
[Black "Stolp, Aleksander"]
[Result "1/2-1/2"]
[ECO "B13"]
[WhiteElo "1819"]
[BlackElo "1680"]
[Annotator "NA"]
[PlyCount "248"]
[EventDate "2022.02.23"]
[EventType "swiss"]
[EventCountry "NOR"]
[SourceTitle "playchess.com"]
[Source "ChessBase"]
[SourceQuality "1"]
[TimeControl "5400+30"]

1. e4 c6 2. d4 d5 3. exd5 cxd5 4. Bd3 Nc6 5. c3 Nf6 6. Bf4 Bg4 7. Qb3 Qd7 8. Nd2 e6 9. Ngf3 Bd6 10. Bxd6 Qxd6 11. O-O O-O 12. Rae1 Ne7 13. Ne5 Bf5 14. a4 a6 15. h3 b5 16. axb5 axb5 17. g4 Bxd3 18. Nxd3 Nc6 19. Nf3 b4 20. Nc5 bxc3 21. Qxc3 Rfc8 22. b4 Rab8 23. Rb1 Ne4 24. Qe3 Rxb4 25. Nxe4 dxe4 26. Qxe4 h6 27. Rbc1 Ne7 28. Rxc8+ Nxc8 29. Qa8 Rb8 30. Qa4 Nb6 31. Qc2 Nd5 32. Ne5 Nf4 33. Kh2 Qxd4 34. Nc6 Qb2 35. Qe4 Nd5 36. Nxb8 Qxb8+ 37. Kh1 Qb3 38. Kg2 Qb8 39. Rb1 Qd6 40. Qf3 Nf4+ 41. Kg1 Qd2 42. Rb8+ Kh7 43. Qe4+ g6 44. Qf3 Ne2+ 45. Kg2 Nf4+ 46. Kg3 Ne2+ 47. Kg2 Nf4+ 48. Kh2 Qd6 49. Rb7 Ne2+ 50. Kg2 Nf4+ 51. Kg1 Kg7 52. Qc3+ e5 53. Qc7 Nxh3+ 54. Kh2 Qxc7 55. Rxc7 Nxf2 56. Kg3 Ne4+ 57. Kf3 Nf6 58. Rc6 e4+ 59. Kf4 e3 60. Rc2 Nd5+ 61. Kf3 Kf6 62. Rc6+ Ke5 63. Rc8 f5 64. Rh8 fxg4+ 65. Kxg4 h5+ 66. Kg5 Nf4 67. Re8+ Ne6+ 68. Kxg6 Kd5 69. Kf6 Nc5 70. Rxe3 Ne4+ 71. Kf5 Nf2 72. Kg5 Kd4 73. Re7 Nd3 74. Kxh5 Ne5 75. Kg5 Nc6 76. Re8 Kd5 77. Kf5 Nd4+ 78. Kf6 Nc6 79. Re1 Nd4 80. Rd1 Ke4 81. Rh1 Nf3 82. Ra1 Nd4 83. Ra4 Kd5 84. Ra8 Nc6 85. Kf5 Nd4+ 86. Kf4 Ne6+ 87. Ke3 Nc5 88. Rh8 Ke5 89. Rh5+ Kd6 90. Kd4 Ne6+ 91. Kc4 Nf4 92. Ra5 Ke6 93. Kd4 Ng6 94. Ke4 Ne7 95. Ra6+ Kd7 96. Ke5 Nc6+ 97. Ke4 Kd6 98. Ra1 Ne7 99. Rc1 Ke6 100. Ra1 Kd6 101. Ra5 Nc6 102. Rh5 Ne7 103. Rh6+ Kd7 104. Ke5 Nc6+ 105. Kd5 Ne7+ 106. Kc5 Nf5 107. Rf6 Ne7 108. Ra6 Nf5 109. Rg6 Ne7 110. Rd6+ Ke8 111. Ra6 Kd7 112. Kd4 Nc6+ 113. Kc5 Ne7 114. Rh6 Nf5 115. Rh1 Ke6 116. Re1+ Kf6 117. Kd5 Ne7+ 118. Kd6 Nf5+ 119. Kd7 Nd4 120. Re4 Nf5 121. Re1 Nd4 122. Kd6 Nf5+ 123. Kd5 Ne7+ 124. Ke4 Ke6 1/2-1/2

[Event "Kragero Resort International 2022"]
[Site "Kragero"]
[Date "2022.02.25"]
[Round "6.7"]
[White "Thorisson, Benedikt"]
[Black "Frovik, Einar Clausen"]
[Result "1-0"]
[ECO "B76"]
[WhiteElo "1790"]
[BlackElo "1550"]
[Annotator "NA"]
[PlyCount "45"]
[EventDate "2022.02.23"]
[EventType "swiss"]
[EventCountry "NOR"]
[SourceTitle "playchess.com"]
[Source "ChessBase"]
[SourceQuality "1"]
[TimeControl "5400+30"]

1. e4 c5 2. Nf3 d6 3. d4 cxd4 4. Nxd4 Nf6 5. Nc3 g6 6. f3 Bg7 7. Be3 O-O 8. g4 h5 9. gxh5 Nxh5 10. Qd2 Nc6 11. O-O-O Bd7 12. Kb1 Rc8 13. Be2 Ne5 14. f4 Nc4 15. Bxc4 Rxc4 16. f5 Qa5 17. Rhg1 Rfc8 18. fxg6 fxg6 19. Rxg6 Kh7 20. Rg5 R4c5 21. Rdg1 Bf6 22. Rg6 Ng7 23. Qg2 1-0

[Event "Kragero Resort International 2022"]
[Site "Kragero"]
[Date "2022.02.25"]
[Round "6.8"]
[White "Strand, Amund Pihl"]
[Black "Skaar, Ben Samuel Groth"]
[Result "1-0"]
[ECO "A25"]
[WhiteElo "1748"]
[BlackElo "1641"]
[Annotator "NA"]
[PlyCount "141"]
[EventDate "2022.02.23"]
[EventType "swiss"]
[EventCountry "NOR"]
[SourceTitle "playchess.com"]
[Source "ChessBase"]
[SourceQuality "1"]
[TimeControl "5400+30"]

1. c4 e5 2. Nc3 Nf6 3. g3 Nc6 4. Bg2 Bb4 5. d3 d5 6. cxd5 Nxd5 7. Bd2 Be6 8. Nf3 h6 9. O-O Bxc3 10. bxc3 Qd7 11. c4 Nde7 12. Bc3 Ng6 13. Qb3 Rb8 14. Qb2 f6 15. Rfd1 Qf7 16. d4 exd4 17. Nxd4 Nxd4 18. Bxd4 O-O 19. Bxa7 Ra8 20. Qxb7 Bxc4 21. Rac1 Rad8 22. a4 Rfe8 23. e3 Ne5 24. a5 Qh5 25. Rd4 Qe2 26. Rcxc4 Nxc4 27. Bd5+ Kh8 28. Bxc4 Qe1+ 29. Kg2 Qxa5 30. Bb5 Rxd4 31. Bxd4 Rd8 32. Bc6 Qf5 33. Qxc7 Rc8 34. Qd6 Qc2 35. Bf3 Qc7 36. Qe6 Rb8 37. Be4 Qc8 38. Qf7 Qe8 39. Qd5 Rb5 40. Qc6 Qxc6 41. Bxc6 Rb1 42. Kf3 Kg8 43. Kf4 Kf7 44. Bd5+ Ke7 45. Kf5 Rb5 46. e4 Ra5 47. Kg6 Kf8 48. h4 Rb5 49. g4 Ra5 50. f4 Rb5 51. Bxf6 gxf6 52. Kxf6 Rb6+ 53. Be6 Rb4 54. Bd5 Rb6+ 55. Kf5 Kg7 56. e5 Rb5 57. Ke6 Rb4 58. f5 Rxg4 59. Ke7 Ra4 60. f6+ Kg6 61. Bc6 Ra5 62. e6 Ra7+ 63. Bd7 Ra8 64. Be8+ Kh7 65. f7 h5 66. f8=Q Ra7+ 67. Bd7 Ra8 68. Qxa8 Kg7 69. Qg2+ Kh7 70. Kf7 Kh8 71. Qg8# 1-0

[Event "Kragero Resort International 2022"]
[Site "Kragero"]
[Date "2022.02.25"]
[Round "6.9"]
[White "Kaasen, Tor Fredrik"]
[Black "Radeva, Viktoria"]
[Result "1/2-1/2"]
[ECO "B42"]
[WhiteElo "2458"]
[BlackElo "2261"]
[Annotator "ChessBase"]
[PlyCount "166"]
[EventDate "2022.02.23"]
[EventType "swiss"]
[EventCountry "NOR"]
[SourceTitle "playchess.com"]
[Source "ChessBase"]
[SourceQuality "1"]
[TimeControl "5400+30"]

1. e4 c5 2. Nf3 e6 3. d4 cxd4 4. Nxd4 a6 5. Bd3 Nf6 6. O-O d6 7. c4 g6 8. Nc3 Bg7 9. Be3 O-O 10. Rc1 Qc7 11. f3 Nbd7 12. Qd2 b6 13. Rfd1 Bb7 14. Bf1 Rfe8 15. b4 Rac8 16. Nb3 Bf8 17. a3 Qb8 18. Kh1 Qa8 19. Na4 d5 20. exd5 exd5 21. c5 bxc5 22. Naxc5 Nxc5 23. Nxc5 Rcd8 24. Bd4 Bg7 25. a4 Bc8 26. b5 axb5 27. axb5 Nd7 28. Bxg7 Kxg7 29. Qc3+ Kg8 30. Ra1 Qb8 31. Rxd5 Nxc5 32. Rxd8 Rxd8 33. Qxc5 Be6 34. b6 Bd5 35. Re1 Be6 36. Ba6 Rd6 37. Bb7 Qd8 38. Qc7 Qh4 39. Rb1 Qd4 40. h3 Rd7 41. Qb8+ Rd8 42. Qa7 Bf5 43. Ra1 Qf2 44. Bd5 Rxd5 45. Qa8+ Kg7 46. Qxd5 Qxb6 47. Qe5+ Qf6 48. Qxf6+ Kxf6 49. g4 Be6 50. Ra5 h6 51. Kh2 Kg7 52. Kg3 Bc4 53. Rc5 Bb3 54. Rc6 Bd5 55. Rb6 Be6 56. Kf4 g5+ 57. Ke5 Bc4 58. Rf6 Bf1 59. Rd6 Bxh3 60. Rd1 Kg6 61. Rg1 f6+ 62. Ke6 f5 63. Ke5 fxg4 64. fxg4 h5 65. gxh5+ Kxh5 66. Kf6 g4 67. Kf5 Kh4 68. Kf4 Kh5 69. Rc1 Kg6 70. Rc6+ Kf7 71. Ke5 Kg7 72. Kf5 g3+ 73. Kg5 g2 74. Rg6+ Kh7 75. Kh5 Kh8 76. Kh6 Bg4 77. Rb6 Be6 78. Rb1 Bd5 79. Rd1 Bc4 80. Kg6 Bd3+ 81. Kh6 Bc4 82. Rg1 Bf1 83. Rxg2 Bxg2 1/2-1/2

[Event "Kragero Resort International 2022"]
[Site "Kragero"]
[Date "2022.02.25"]
[Round "6.13"]
[White "Vrolijk, Liam"]
[Black "Kanyamarala, Tarun"]
[Result "0-1"]
[ECO "A88"]
[WhiteElo "2480"]
[BlackElo "2343"]
[Annotator "ChessBase"]
[PlyCount "94"]
[EventDate "2022.02.23"]
[EventType "swiss"]
[EventCountry "NOR"]
[SourceTitle "playchess.com"]
[Source "ChessBase"]
[SourceQuality "1"]
[TimeControl "5400+30"]

1. d4 f5 2. g3 Nf6 3. Bg2 g6 4. Nf3 Bg7 5. O-O O-O 6. c4 d6 7. Nc3 c6 8. d5 e5 9. dxe6 Bxe6 10. b3 Na6 11. Ng5 Bc8 12. Bb2 Qe7 13. Qc2 Bd7 14. Rad1 Rad8 15. e3 Bc8 16. Rfe1 Ng4 17. Nf3 Ne5 18. Nd4 Nc5 19. h3 Qf7 20. f4 Ned7 21. e4 fxe4 22. Nxe4 Nxe4 23. Rxe4 Nf6 24. Re3 d5 25. Rde1 Rfe8 26. f5 dxc4 27. Ne6 Bxe6 28. fxe6 Qe7 29. bxc4 Nh5 30. Ba3 Qg5 31. h4 Qg4 32. Kh2 Be5 33. Rxe5 Qxg3+ 34. Kh1 Qxa3 35. e7 Rd4 36. R1e3 Qd6 37. c5 Qf6 38. Kg1 Qxh4 39. R3e4 Rxe4 40. Rxe4 Qg5 41. Qb3+ Kg7 42. Qxb7 Qxc5+ 43. Kh2 Nf6 44. Re6 Ng4+ 45. Kg3 Qf2+ 46. Kh3 g5 47. Bxc6 Ne3 0-1

[Event "Kragero Resort International 2022"]
[Site "Kragero"]
[Date "2022.02.25"]
[Round "6.14"]
[White "Alinasab, Mobina"]
[Black "Gharibyan, Mamikon"]
[Result "0-1"]
[ECO "B31"]
[WhiteElo "2325"]
[BlackElo "2479"]
[Annotator "ChessBase"]
[PlyCount "108"]
[EventDate "2022.02.23"]
[EventType "swiss"]
[EventCountry "NOR"]
[SourceTitle "playchess.com"]
[Source "ChessBase"]
[SourceQuality "1"]
[TimeControl "5400+30"]

1. e4 c5 2. Nf3 Nc6 3. Bb5 g6 4. Bxc6 dxc6 5. d3 Bg7 6. h3 Nf6 7. Nc3 Nd7 8. O-O e5 9. Be3 b6 10. Qd2 h6 11. Nh2 Nf8 12. f4 exf4 13. Bxf4 Ne6 14. Bg3 c4 15. e5 cxd3 16. cxd3 Qd4+ 17. Kh1 Nc5 18. Rad1 Bf5 19. b4 Qxb4 20. Ne4 Qxd2 21. Nd6+ Kd7 22. Rxd2 Be6 23. d4 Na4 24. Nxf7 Rhf8 25. Nd6 Rxf1+ 26. Nxf1 Nc3 27. a3 Bf8 28. Rd3 Bxd6 29. Rxc3 Be7 30. Ne3 b5 31. Ng4 a5 32. Nf6+ Bxf6 33. exf6 b4 34. axb4 axb4 35. Rc1 b3 36. Rb1 Bd5 37. Bf4 Ra2 38. Kg1 Rxg2+ 39. Kf1 g5 40. f7 Ke7 41. Bd6+ Kxf7 42. Rxb3 Rd2 43. Rb7+ Kg6 44. Be5 Rd3 45. h4 g4 46. Rg7+ Kh5 47. Ke2 Rf3 48. Rh7 g3 49. Rg7 Kxh4 50. Rg6 h5 51. Bd6 Kh3 52. Rg5 h4 53. Bb4 g2 54. Be1 Rg3 0-1

[Event "Kragero Resort International 2022"]
[Site "Kragero"]
[Date "2022.02.25"]
[Round "6.15"]
[White "Nikolic, Vladan"]
[Black "Kjartansson, Gudmundur"]
[Result "1/2-1/2"]
[ECO "E09"]
[WhiteElo "2218"]
[BlackElo "2450"]
[Annotator "ChessBase"]
[PlyCount "103"]
[EventDate "2022.02.23"]
[EventType "swiss"]
[EventCountry "NOR"]
[SourceTitle "playchess.com"]
[Source "ChessBase"]
[SourceQuality "1"]
[TimeControl "5400+30"]

1. d4 Nf6 2. c4 e6 3. Nf3 d5 4. g3 Be7 5. Bg2 O-O 6. O-O Nbd7 7. Qc2 c6 8. Nbd2 b6 9. e4 dxc4 10. Nxc4 Bb7 11. Rd1 c5 12. e5 Nd5 13. Qe4 cxd4 14. Qg4 Kh8 15. Bg5 b5 16. Bxe7 Qxe7 17. Na5 Rab8 18. Qxd4 N7b6 19. Rac1 Rfd8 20. Qc5 Qxc5 21. Rxc5 a6 22. b3 Kg8 23. Nd4 g5 24. Ndc6 Bxc6 25. Nxc6 Rbc8 26. Bxd5 Nxd5 27. Rcxd5 exd5 28. Ne7+ Kg7 29. Nxc8 Rxc8 30. Rxd5 Rc1+ 31. Kg2 Ra1 32. Rd2 Kg6 33. Rd6+ Kf5 34. e6 fxe6 35. Rxa6 g4 36. a4 bxa4 37. Rxa4 Rb1 38. Rf4+ Kg5 39. Rb4 Rb2 40. Rb5+ Kf6 41. Rb7 h5 42. b4 e5 43. b5 e4 44. Kf1 e3 45. fxe3 Kf5 46. b6 Ke4 47. Re7+ Kf3 48. Rf7+ Kxe3 49. b7 Rb1+ 50. Kg2 Rb2+ 51. Kf1 Rb1+ 52. Kg2 1/2-1/2

[Event "Kragero Resort International 2022"]
[Site "Kragero"]
[Date "2022.02.25"]
[Round "6.16"]
[White "Injac, Teodora"]
[Black "Unneland, Mathias"]
[Result "1-0"]
[ECO "D45"]
[WhiteElo "2407"]
[BlackElo "2262"]
[Annotator "NA"]
[PlyCount "89"]
[EventDate "2022.02.23"]
[EventType "swiss"]
[EventCountry "NOR"]
[SourceTitle "playchess.com"]
[Source "ChessBase"]
[SourceQuality "1"]
[TimeControl "5400+30"]

1. d4 Nf6 2. c4 e6 3. Nf3 d5 4. Nc3 c6 5. e3 Nbd7 6. Be2 Bd6 7. O-O O-O 8. a4 Ne4 9. Nxe4 dxe4 10. Nd2 f5 11. c5 Bxh2+ 12. Kxh2 Qh4+ 13. Kg1 Rf6 14. f3 Rh6 15. Bc4 Nf6 16. Qe1 Qh2+ 17. Kf2 exf3 18. Nxf3 Ng4+ 19. Ke2 Qxg2+ 20. Kd3 Rh3 21. Qe2 Qxe2+ 22. Kxe2 h6 23. Bd2 g5 24. Rh1 Rg3 25. Rag1 Rxg1 26. Rxg1 Kg7 27. Be1 Bd7 28. Bg3 Rf8 29. Bd6 Re8 30. Bd3 Kf6 31. Rh1 Kg6 32. Rg1 Kf6 33. Rxg4 fxg4 34. Ne5 Rd8 35. Nxg4+ Kg7 36. Be5+ Kf8 37. Nxh6 Ke7 38. Ng4 Re8 39. Bg6 Rc8 40. Bd6+ Kd8 41. Nf6 b5 42. a5 a6 43. b4 Ra8 44. Kf3 Ra7 45. Be4 1-0

[Event "Kragero Resort International 2022"]
[Site "Kragero"]
[Date "2022.02.25"]
[Round "6.17"]
[White "Reimanis, Ritvars"]
[Black "Altarbosh, Ward"]
[Result "1-0"]
[ECO "D46"]
[WhiteElo "2397"]
[BlackElo "2221"]
[Annotator "ChessBase"]
[PlyCount "171"]
[EventDate "2022.02.23"]
[EventType "swiss"]
[EventCountry "NOR"]
[SourceTitle "playchess.com"]
[Source "ChessBase"]
[SourceQuality "1"]
[TimeControl "5400+30"]

1. d4 d5 2. c4 c6 3. Nf3 Nf6 4. e3 e6 5. Nc3 Nbd7 6. Qc2 Bd6 7. Bd3 dxc4 8. Bxc4 b5 9. Be2 Bb7 10. O-O O-O 11. Nd2 e5 12. Bf3 a6 13. Nde4 Bc7 14. Rd1 Qe7 15. Nxf6+ Nxf6 16. Ne4 Rad8 17. Qc5 Rfe8 18. Qxe7 Rxe7 19. Nc5 Bc8 20. Nb3 e4 21. Be2 Nd5 22. Bd2 Rd6 23. Rdc1 f5 24. a4 Re8 25. axb5 cxb5 26. Rc2 Bb8 27. Bd1 g5 28. Na5 Kg7 29. Nc6 Bb7 30. Na5 Ba8 31. Rac1 f4 32. Rc8 Rdd8 33. Rxd8 Rxd8 34. Nc6 Rc8 35. Nxb8 Rxb8 36. Bb3 f3 37. Rc5 Rd8 38. h3 fxg2 39. Kxg2 h6 40. Ba5 Rd7 41. Bd1 Kg6 42. Bg4 Rd6 43. Bc7 Nxc7 44. Rxc7 Bd5 45. Bd7 b4 46. Be8+ Kf5 47. Kg3 Kf6 48. Rh7 Kf5 49. Rc7 b3 50. Ba4 Rb6 51. Rd7 Ke6 52. Rh7 Kf5 53. Rc7 Rb4 54. Bd7+ Kf6 55. Rc5 Bc4 56. Bc6 Bd3 57. Re5 Rc4 58. Bxe4 Bxe4 59. Rxe4 Rc2 60. d5 Rxb2 61. Re6+ Kf7 62. Rxa6 Rb1 63. Rb6 h5 64. Kf3 b2 65. Ke4 Ke7 66. Ke5 Kd7 67. e4 h4 68. f3 Kc7 69. Rc6+ Kd7 70. Rc2 Ke7 71. d6+ Kd7 72. Rc7+ Kd8 73. Rb7 g4 74. fxg4 Kc8 75. Rb3 Kd7 76. Rb6 Kc8 77. Ke6 Re1 78. Rxb2 Rxe4+ 79. Kf5 Re3 80. Rh2 Kd7 81. Kg5 Kxd6 82. Kxh4 Ke6 83. Rf2 Ra3 84. g5 Ra8 85. Kg4 Ke5 86. Re2+ 1-0

[Event "Kragero Resort International 2022"]
[Site "Kragero"]
[Date "2022.02.25"]
[Round "6.18"]
[White "Shehzad, Shazil"]
[Black "Sagafos, Magne"]
[Result "0-1"]
[ECO "B03"]
[WhiteElo "2182"]
[BlackElo "2386"]
[Annotator "ChessBase"]
[PlyCount "120"]
[EventDate "2022.02.23"]
[EventType "swiss"]
[EventCountry "NOR"]
[SourceTitle "playchess.com"]
[Source "ChessBase"]
[SourceQuality "1"]
[TimeControl "5400+30"]

1. e4 Nf6 2. e5 Nd5 3. d4 d6 4. c4 Nb6 5. exd6 cxd6 6. a4 a5 7. Nc3 g6 8. c5 dxc5 9. Bb5+ N6d7 10. Bg5 Bg7 11. Nd5 f6 12. Be3 cxd4 13. Bxd4 Nc6 14. Nf4 Nde5 15. Bxe5 Qxd1+ 16. Rxd1 fxe5 17. Nd5 O-O 18. Nb6 Rb8 19. Nf3 Nd4 20. Nxd4 exd4 21. Bd7 Bxd7 22. Nxd7 Rbc8 23. Nxf8 Kxf8 24. Ke2 Rc4 25. b3 Rc3 26. Rd3 Rc2+ 27. Kf3 Ke8 28. Rb1 Ra2 29. Rbd1 Rc2 30. R1d2 Rc1 31. Rd1 Rc2 32. Rb1 Ra2 33. Rc1 Kd7 34. Rc5 b6 35. Rb5 Kc6 36. h4 e5 37. Rd1 Rc2 38. b4 axb4 39. Rb1 Bf8 40. Rxe5 Bc5 41. h5 d3 42. hxg6 hxg6 43. Rb3 Rxf2+ 44. Kg3 Rd2 45. Rg5 Rd1 46. Kg4 d2 47. Rd3 b3 48. Rxg6+ Kb7 49. Rg7+ Ka6 50. Rxb3 Rg1 51. Rd7 d1=Q+ 52. Rxd1 Rxd1 53. Kh5 Ka5 54. g4 Kxa4 55. Rb2 Bd4 56. Rg2 b5 57. g5 Rg1 58. Rh2 b4 59. g6 Bc3 60. Rc2 Kb3 0-1

[Event "Kragero Resort International 2022"]
[Site "Kragero"]
[Date "2022.02.25"]
[Round "6.19"]
[White "Melaa, Sondre"]
[Black "Kenneskog, Theodor"]
[Result "0-1"]
[ECO "E05"]
[WhiteElo "2138"]
[BlackElo "2344"]
[Annotator "NA"]
[PlyCount "84"]
[EventDate "2022.02.23"]
[EventType "swiss"]
[EventCountry "NOR"]
[SourceTitle "playchess.com"]
[Source "ChessBase"]
[SourceQuality "1"]
[TimeControl "5400+30"]

1. d4 Nf6 2. c4 e6 3. g3 d5 4. Nf3 Be7 5. Bg2 O-O 6. O-O dxc4 7. Na3 Bxa3 8. bxa3 b5 9. a4 a6 10. Ba3 Re8 11. Ne5 Nd5 12. e4 Nb6 13. Qh5 f6 14. a5 fxe5 15. axb6 cxb6 16. dxe5 Qd7 17. f4 Qf7 18. Qe2 Nd7 19. Rad1 Nc5 20. f5 Bb7 21. Bh3 exf5 22. exf5 Qc7 23. e6 Qc6 24. Bxc5 bxc5 25. Bg2 Qxg2+ 26. Qxg2 Bxg2 27. Kxg2 Rad8 28. Kf3 c3 29. Ke4 b4 30. g4 c4 31. Rxd8 Rxd8 32. g5 b3 33. f6 Rb8 34. Kd5 b2 35. Kd6 Rb6+ 36. Kd7 Rb7+ 37. Ke8 Rb8+ 38. Ke7 gxf6 39. gxf6 c2 40. f7+ Kg7 41. Rg1+ Kh6 42. Rg8 b1=Q 0-1

[Event "Kragero Resort International 2022"]
[Site "Kragero"]
[Date "2022.02.25"]
[Round "6.20"]
[White "Osmak, Yuliia"]
[Black "Thanke, Bror"]
[Result "1-0"]
[ECO "A28"]
[WhiteElo "2432"]
[BlackElo "2143"]
[Annotator "ChessBase"]
[PlyCount "121"]
[EventDate "2022.02.23"]
[EventType "swiss"]
[EventCountry "NOR"]
[SourceTitle "playchess.com"]
[Source "ChessBase"]
[SourceQuality "1"]
[TimeControl "5400+30"]

1. c4 Nf6 2. Nc3 e5 3. Nf3 Nc6 4. e4 d6 5. d4 Bg4 6. d5 Nd4 7. Be3 Nxf3+ 8. gxf3 Bd7 9. h4 Nh5 10. Qb3 b6 11. Bh3 Bxh3 12. Rxh3 Be7 13. Qb5+ Kf8 14. O-O-O a6 15. Qc6 Rb8 16. Kb1 h6 17. Ne2 Bf6 18. Rh2 g6 19. Ng3 Nf4 20. h5 Bg5 21. Rg1 Kg7 22. Bxf4 exf4 23. Ne2 b5 24. c5 dxc5 25. Qxc5 Qd6 26. Qxd6 cxd6 27. hxg6 fxg6 28. Rhg2 Kf7 29. Rg4 Ke7 30. Nd4 Rbg8 31. Ne6 Kf6 32. Nxf4 Bxf4 33. Rxf4+ Ke5 34. Rf7 g5 35. Rf5+ Kd4 36. Rf6 Rf8 37. Rd1+ Kc5 38. b4+ Kxb4 39. Rxd6 Rxf3 40. Rc6 Rxf2 41. d6 Rd8 42. d7 Rf7 43. Rc7 Re7 44. e5 Rxe5 45. Rc8 Rxd7 46. Rxd7 h5 47. Rh7 g4 48. Rg7 Re3 49. Rg5 Rh3 50. Rh8 Rh1+ 51. Kc2 Rh2+ 52. Kd3 Rxa2 53. Rhxh5 Ra3+ 54. Kc2 g3 55. Rh4+ Ka5 56. Rhg4 Rf3 57. Rxg3 Rf2+ 58. Kb3 Rf1 59. Rg6 Rb1+ 60. Ka2 Rf1 61. Ra3+ 1-0

[Event "Kragero Resort International 2022"]
[Site "Kragero"]
[Date "2022.02.25"]
[Round "6.21"]
[White "Aulin-Jansson, Joran"]
[Black "Mikalsen, Erlend"]
[Result "0-1"]
[ECO "B23"]
[WhiteElo "2214"]
[BlackElo "2368"]
[Annotator "ChessBase"]
[PlyCount "72"]
[EventDate "2022.02.23"]
[EventType "swiss"]
[EventCountry "NOR"]
[SourceTitle "playchess.com"]
[Source "ChessBase"]
[SourceQuality "1"]
[TimeControl "5400+30"]

1. e4 c5 2. Nc3 Nc6 3. f4 e6 4. Nf3 d5 5. Bb5 Nge7 6. d3 d4 7. Bxc6+ Nxc6 8. Ne2 Bd6 9. O-O f5 10. c3 dxc3 11. bxc3 O-O 12. Be3 b6 13. h3 Qd7 14. g4 Bb7 15. gxf5 exf5 16. e5 Be7 17. d4 Qd5 18. Qb3 c4 19. Qc2 b5 20. Kh2 a5 21. Rf2 b4 22. Nd2 Rac8 23. Rg1 Nd8 24. Ng3 Qe6 25. Nf3 Bd5 26. Nh5 g6 27. Ng5 Qc6 28. Qe2 b3 29. h4 Rb8 30. Ng3 a4 31. h5 a3 32. Qf1 Bxg5 33. fxg5 Ne6 34. hxg6 hxg6 35. Qb1 Qd7 36. Ne2 Be4 0-1

[Event "Kragero Resort International 2022"]
[Site "Kragero"]
[Date "2022.02.25"]
[Round "6.23"]
[White "Stanford, Maxim Barth"]
[Black "Westrum, Kim Roger Hansen"]
[Result "1-0"]
[ECO "A88"]
[WhiteElo "2339"]
[BlackElo "1967"]
[Annotator "NA"]
[PlyCount "59"]
[EventDate "2022.02.23"]
[EventType "swiss"]
[EventCountry "NOR"]
[SourceTitle "playchess.com"]
[Source "ChessBase"]
[SourceQuality "1"]
[TimeControl "5400+30"]

1. Nf3 f5 2. c4 Nf6 3. Nc3 d6 4. d4 g6 5. g3 Bg7 6. Bg2 O-O 7. O-O c6 8. Re1 Na6 9. Rb1 Qe8 10. b4 b5 11. cxb5 cxb5 12. Ng5 Rb8 13. Qb3+ e6 14. d5 e5 15. Ne6 Bxe6 16. dxe6 Nc7 17. Rd1 Qxe6 18. Qxe6+ Nxe6 19. Rxd6 Nc7 20. Rc6 Rf7 21. Be3 a6 22. Bb6 Na8 23. Ba5 e4 24. Rc1 Rd7 25. f3 e3 26. f4 Rd2 27. Bf3 Ne4 28. Bxe4 fxe4 29. Kf1 Bxc3 30. R1xc3 1-0

[Event "Kragero Resort International 2022"]
[Site "Kragero"]
[Date "2022.02.25"]
[Round "6.24"]
[White "Skotheim, Andreas"]
[Black "Hirneise, Jens"]
[Result "1/2-1/2"]
[ECO "B52"]
[WhiteElo "2181"]
[BlackElo "2327"]
[Annotator "NA"]
[PlyCount "54"]
[EventDate "2022.02.23"]
[EventType "swiss"]
[EventCountry "NOR"]
[SourceTitle "playchess.com"]
[Source "ChessBase"]
[SourceQuality "1"]
[TimeControl "5400+30"]

1. e4 c5 2. Nf3 d6 3. Bb5+ Bd7 4. Bxd7+ Qxd7 5. c4 e5 6. Nc3 Nc6 7. d3 g6 8. Nd5 Nce7 9. Bd2 Nxd5 10. cxd5 Nf6 11. O-O Be7 12. b4 b6 13. bxc5 bxc5 14. Qb3 O-O 15. Rab1 Rfc8 16. Qc4 Rcb8 17. h3 Rb7 18. Rb3 Bd8 19. Rfb1 Rb6 20. Be3 Rc8 21. Nd2 Bc7 22. f4 exf4 23. Bxf4 Nh5 24. Bh2 Rcb8 25. Qc2 Re8 26. Nc4 Rxb3 27. Qxb3 f5 1/2-1/2